AoeStats
← Lucco

African Clearing

510928189Analyzed
3v3 RM · 17h ago on Oct 3, 2026· 48m 54s· 6 players
Game mode
Random Map
Map size
Normal (6 player)
Population
200
Speed
Normal
Resources
Standard
Victory
Conquest
Starting age
Dark Age
Ending age
Imperial Age
RankedLock teamsTeams togetherTeam positionsShared explorationLock speedFull tech treeHidden civsTurbo modeCheats
Victory
Defeat
🇧🇷 Poles · Brazil
1196
+14
🇧🇷 Franks · Brazil
1173
+15
🇧🇷 Tupi · Brazil
1139
+16
🇲🇽 Britons · Mexico
1199
-17
🇲🇽 Huns · Mexico
1172
-16
🇲🇽 Slavs · Mexico
1077
-12
nsr
4:12 Loom
15:08 Feudal Age
15:17 Man-at-Arms
19:12 Bloodlines
20:07 Scale Mail Armor
21:53 Scale Barding Armor
21:44 Double-Bit Axe
23:38 Forging
23:41 Horse Collar
27:13 Castle Age
26:42 Wheelbarrow
27:05 Stone Mining
28:14 Long Swordsman
28:55 Squires
28:58 Husbandry
29:59 Chain Barding Armor
29:43 Pikeman
30:55 Fletching
38:04 Heavy Plow
39:03 Gold Mining
48:18 Iron Casting
Lucco
4:53 Loom
13:44 Feudal Age
23:19 Castle Age
23:12 Double-Bit Axe
23:24 Town Watch
24:35 Town Patrol
25:13 Wheelbarrow
26:27 Crossbowman
28:48 Hand Cart
29:15 Padded Archer Armor
31:37 Scale Mail Armor
36:55 Pikeman
38:34 Horse Collar
45:52 Chain Mail Armor
50:08 Imperial Age
48:10 Forging
Carbage
9:32 Loom
13:08 Feudal Age
16:59 Bloodlines
18:30 Double-Bit Axe
24:04 Castle Age
23:04 Fletching
26:00 Bodkin Arrow
28:36 Bow Saw
33:12 Padded Archer Armor
33:59 Ballistics
38:33 Horse Collar
47:15 Leather Archer Armor
47:09 Husbandry
barão niriba
6:18 Loom
12:01 Feudal Age
12:35 Champi Runner
14:33 Wheelbarrow
19:52 Scale Mail Armor
19:43 Fletching
26:00 Castle Age
26:44 Bodkin Arrow
26:50 Padded Archer Armor
26:47 Crossbowman
34:45 Squires
35:21 Leather Archer Armor
35:28 Ballistics
38:05 Hand Cart
39:33 Double-Bit Axe
42:55 Murder Holes
47:55 Imperial Age
47:27 Bow Saw
46:45 Elite Skirmisher
48:39 Bracer
49:52 Conscription
xeonish em oto patama
3:39 Loom
13:53 Feudal Age
15:25 Bloodlines
22:04 Castle Age
22:01 Scale Barding Armor
22:07 Light Cavalry
26:12 Husbandry
34:30 Elite Skirmisher
35:16 Thumb Ring
36:11 Fletching
39:22 Chain Barding Armor
39:13 Forging
38:58 Bodkin Arrow
46:11 Imperial Age
44:03 Ballistics
44:31 Padded Archer Armor
47:40 Bracer
47:55 Leather Archer Armor
48:17 Iron Casting
Felipagem7
3:23 Loom
13:04 Feudal Age
17:47 Double-Bit Axe
27:00 Castle Age
26:00 Forging
25:57 Scale Barding Armor
28:15 Chain Barding Armor
28:35 Iron Casting
30:41 Husbandry
37:18 Wheelbarrow
38:00 Bow Saw
43:16 Imperial Age
41:02 Hand Cart
40:58 Murder Holes
41:24 Ballistics
40:57 Fletching
43:29 Cavalier
45:11 Gold Mining
45:11 Stone Mining
45:45 Paladin
47:03 Plate Barding Armor
47:29 Blast Furnace
46:24 Bodkin Arrow
46:29 Scale Mail Armor
Connection lost

Rejoining the realm…

Still unreachable

The connection could not be restored.

Session expired

The server has moved on; the page needs a fresh start.